 Dungeon Crawl Stone Soup version 0.29.1-15-g9cfb28693d (webtiles) character file.

Game seed: 5300903446487157368

14 croobank the Firebug (level 2, 0/19 HPs)
             Began as a Demonspawn Fire Elementalist on Sept 25, 2023.
             Slain by a hobgoblin (1 damage)
             ... on level 1 of the Dungeon.
             The game lasted 00:05:17 (515 turns).

croobank the Firebug (Demonspawn Fire Elementalist)  Turns: 515, Time: 00:05:18

Health: 0/19       AC:  2    Str:  5 (8)  XL:     2   Next: 31%
Magic:  1/5        EV: 12    Int: 13 (16) God:
Gold:   30         SH:  0    Dex: 12 (13) Spells: 4/5 levels left

rFire   . . .      SeeInvis .   (no weapon)
rCold   . . .      Faith    .   (no shield)
rNeg    . . .      Spirit   .   a - +0 robe
rPois   .          Reflect  .   (no helmet)
rElec   .          Harm     .   (no cloak)
rCorr   .          Rampage  .   (no gloves)
Will    .....                   (no boots)
Stlth   ++........              (no amulet)
HPRegen 0.06/turn               (no ring)
MPRegen 0.09/turn               (no ring)

@: very slightly contaminated
A: demonic magic 1
a: no special abilities


You were on level 1 of the Dungeon.
You visited 1 branch of the dungeon, and saw 1 of its levels.

You collected 30 gold pieces.

Inventory:

Armour
 a - a +0 robe (worn)
Scrolls
 c - a scroll of noise {unknown}
 d - a scroll of fear {unknown}


   Skills:
 + Level 2.0 Dodging
 + Level 2.0 Stealth
 + Level 2.1 Spellcasting
 + Level 1.3 Conjurations
 + Level 2.8 Fire Magic


You had 4 spell levels left.
You knew the following spells:

 Your Spells              Type           Power      Damage    Failure   Level
a - Foxfire               Conj/Fire      24%        2x1d5     11%         1

Your spell library contained the following spells:

 Spells                   Type           Power      Damage    Failure   Level
 Scorch                   Fire           16%        2d5       12%         2
 Conjure Flame            Conj/Fire      6%         6-21      32%         3
 Inner Flame              Hex/Fire       5%         N/A       38%         3
 Flame Wave               Conj/Fire      6%         2d5       71%         4


Dungeon Overview and Level Annotations

Branches:
Dungeon (1/15)

Altars:


Innate Abilities, Weirdness & Mutations

Spells you cast may paralyse adjacent enemies.


Message History

Confirm with . or Enter, or press ? or * to list all spells.
You miscast Foxfire.
Nothing appears to happen.
The endoplasm freezes you.
You are frozen.
Casting: Foxfire (safe; 9% risk of failure)
Confirm with . or Enter, or press ? or * to list all spells.
You conjure some foxfire!
Malevolent energies surge around you. The endoplasm misses you.
The hobgoblin is no longer paralysed.
The foxfire hits the endoplasm.
The endoplasm is heavily wounded.
The foxfire hits the hobgoblin but does no damage.
The hobgoblin is heavily wounded.
The hobgoblin misses you. The endoplasm barely misses you.
Casting: Foxfire (safe; 9% risk of failure)
Confirm with . or Enter, or press ? or * to list all spells.
You miscast Foxfire.
Nothing appears to happen.
The hobgoblin hits you.
* * * LOW HITPOINT WARNING * * *
The endoplasm freezes you.
You are frozen.
* * * LOW HITPOINT WARNING * * *
It was a potion of degeneration.
There was something very wrong with that liquid.
You feel weakened.
You feel dopey.
You feel clumsy. The hobgoblin barely misses you.
The endoplasm barely misses you.
Casting: Foxfire (safe; 11% risk of failure)
Confirm with . or Enter, or press ? or * to list all spells.
You conjure some foxfire!
Malevolent energies surge around you.
The endoplasm suddenly stops moving!
The hobgoblin hits you.
* * * LOW HITPOINT WARNING * * *
Your foxfire dissipates!
The foxfire hits the hobgoblin.
The hobgoblin is almost dead.
Casting: Foxfire (safe; 11% risk of failure)
Confirm with . or Enter, or press ? or * to list all spells.
You conjure some foxfire!
Malevolent energies surge around you.
The endoplasm is no longer paralysed.
The hobgoblin barely misses you.
The foxfire hits the endoplasm.
The endoplasm is almost dead.
The hobgoblin attacks as you move away! The hobgoblin hits you.
You die...

#..... .......
#............._
#..............
+..............
#..............
#.$...v......##
#.....#....)...
#####.gJ....#
#.....@..####
#.###.v#...##
#..####..# #..
####.#####
#..##........##
..>...........##
...............>#
.................#
##...........†# ##


You could see an endoplasm and a hobgoblin (ally target).

Vanquished Creatures
  A dart slug (D:1)
  2 ball pythons (D:1)
  An endoplasm (D:1)
  2 giant cockroaches (D:1)
  A goblin (D:1)
  A hobgoblin (D:1)
  A bat (D:1)
  A frilled lizard (D:1)
  2 kobolds (D:1)
12 creatures vanquished.

Vanquished Creatures (others)
  45 foxfires (D:1)
45 creatures vanquished.

Grand Total: 57 creatures vanquished

Notes
Turn   | Place    | Note
-------+----------+-------------------------------------------
     0 | D:1      | croobank the Demonspawn Fire Elementalist began the quest
                  | for the Orb.
     0 | D:1      | Reached XP level 1. HP: 13/13 MP: 3/3
   232 | D:1      | Gained mutation: Spells you cast may paralyse adjacent
                  | enemies. [demonic ancestry]
   232 | D:1      | Reached XP level 2. HP: 19/19 MP: 1/5
   495 | D:1      | Found a faded altar of an unknown god.
   515 | D:1      | Slain by a hobgoblin

Illustrated notes

Levels and vault maps discovered:
D:1:      lightli_arrival_maybe_door_vault, layout_rooms,
          basic_ecumenical_altar, serial_shops,
          nicolae_shop_bloodbath_and_beyond, chequers_serial_rivers_room_b,
          hangedman_decor_push, hex_large, roderic_nine_men_s_morris

Skill      XL: |  1  2 |
---------------+-------+-----
Stealth        | 2 |  2.0
Dodging        | 2 |  2.0
Spellcasting   | |  2.1
Conjurations   | |  1.3
Fire Magic     | |  2.8

Action                   || total
-------------------------++-------
Melee: Unarmed           ||     4
 Cast: Foxfire           ||    26
  Use: Potion            ||     2
Armor: Robe              ||     1
Dodge: Dodged            ||    11
